 Dungeon Crawl Stone Soup version 0.28-a0-1182-g381e24db82 (webtiles) character file.

Game seed: 12165283057197388532

5 LadyOphelia the Skirmisher (level 1, 0/24 HPs)
             Began as an Ogre Berserker on Dec 17, 2021.
             Was a Follower of Trog.
             Succumbed to a goblin's poison
             ... on level 1 of the Dungeon.
             The game lasted 00:00:18 (134 turns).

LadyOphelia the Skirmisher (Ogre Berserker)          Turns: 134, Time: 00:00:19

Health: 0/24       AC:  3    Str: 20    XL:     1   Next: 80%
Magic:  1/1        EV: 10    Int:  8    God:    Trog [*.....]
Gold:   0          SH:  0    Dex:  8    Spells: 0/0 levels left

rFire   + . .      SeeInvis .   a - +0 hand axe
rCold   . . .      Faith    .   (no shield)
rNeg    . . .      Spirit   .   b - +0 animal skin
rPois   .          Reflect  .   (helmet restricted)
rElec   .          Harm     .   (no cloak)
rCorr   .          Rampage  .   (gloves unavailable)
Will    .....                   (boots unavailable)
Stlth   +.........              (no amulet)
HPRegen 0.08/turn               c - ring of protection from fire
MPRegen 0.07/turn               (no ring)

@: lethally poisoned (0 -> -1)
A: large, unfitting armour, tough skin 1
a: Renounce Religion, Berserk


You were on level 1 of the Dungeon.
You worshipped Trog.
Trog was aware of your devotion.
You visited 1 branch of the dungeon, and saw 1 of its levels.

Inventory:

Hand Weapons
 a - a +0 hand axe (weapon)
Armour
 b - a +0 animal skin (worn)
Jewellery
 c - a ring of protection from fire (left hand)
Scrolls
 d - 2 scrolls of teleportation {unknown}


   Skills:
 + Level 4.2 Fighting
 + Level 3.1 Axes
 + Level 2.8 Dodging


You couldn't memorise any spells.
You didn't know any spells.
Your spell library was empty.

Dungeon Overview and Level Annotations

Branches:
Dungeon (1/15)

Altars:


Innate Abilities, Weirdness & Mutations

You are too large for most types of armour.
You have tough skin. (AC +1)


Message History

You kill the kobold!
Trog accepts your kill. The ball python bites you.
A goblin comes into view. It is wielding a +1 dagger of venom.
The goblin shouts!
You hit the ball python.
You kill the ball python!
Trog accepts your kill.
You see here a ball python corpse.
The goblin hits you with a +1 dagger of venom.
You are poisoned.
You hit the goblin.
You kill the goblin!
Trog accepts your kill.
You feel very sick.
A goblin comes into view. It is wielding a +0 dagger.
You feel very sick.
The goblin shouts!
You see here a +1 dagger of venom.
You feel sick.
* * * LOW HITPOINT WARNING * * *
You feel sick.
You hit the goblin but do no damage.
* * * LOW HITPOINT WARNING * * *
You feel sick. The goblin barely misses you.
You barely miss the goblin.
* * * LOW HITPOINT WARNING * * *
You feel sick. The goblin hits you but does no damage.
You hit the goblin.
The goblin is heavily wounded.
* * * LOW HITPOINT WARNING * * *
You feel sick. The goblin hits you with a +0 dagger.
* * * LOW HITPOINT WARNING * * *
A kobold comes into view. It is wielding a +0 club.
You hit the goblin.
You kill the goblin!
Trog accepts your kill.
* * * LOW HITPOINT WARNING * * *
You feel sick.
You die...

.# .# .# .##
########.##.# ...
..^##.#### . #.#
#.........
....######.####..####.##
....K..@..)..†...)...#.#
....#####.###)#..##.#.##
. ...# #.#..##.#.#.
##### #.#..##.#.†#
#.##.##.###.
#.##.##..### #.##...#.#
# #.######.### ###.....


You could see a kobold.

Vanquished Creatures
  A giant cockroach (D:1)
  A ball python (D:1)
  A frilled lizard (D:1)
  2 goblins (D:1)
  A kobold (D:1)
6 creatures vanquished.

Notes
Turn   | Place    | Note
-------+----------+-------------------------------------------
     0 | D:1      | LadyOphelia the Ogre Berserker began the quest for the Orb.
     0 | D:1      | Reached XP level 1. HP: 24/24 MP: 1/1
   133 | D:1      | HP: 1/24 [poisoned by a goblin]
   134 | D:1      | Succumbed to a goblin's poison

Illustrated notes

Levels and vault maps discovered:
D:1:      heliophobic_arrival_dark_side_of_the_moon, layout_loops_ring,
          serial_shops, nicolae_shop_advertising_works
          [nicolae_subvault_shop_adworks]

Action                   || total
-------------------------++-------
Melee: Hand axe          ||    12
Armor: Animal skin       ||     3
Dodge: Dodged            ||     7

Table legend: (Time is in decaauts)
 A = Elapsed time spent in this place.
 B = Non-inter-level travel time spent in this place.
 C = Inter-level travel time spent in this place.
 D = Time resting spent in this place.
 E = Time spent auto-exploring this place.
 F = Levels seen in this place.
 G = Mean time per level.
                   A        B        C        D        E       F      G
               +--------+--------+--------+--------+--------+-----+--------+
         Total |    135 |    135 |      0 |      0 |    101 |   1 |  135.0 |
       Dungeon |    135 |    135 |      0 |      0 |    101 |   1 |  135.0 |
               +--------+--------+--------+--------+--------+-----+--------+

Top non-repeatable levels by time:
     D:1: 135 daAuts
